 Dungeon Crawl Stone Soup version 0.31-a0-1363-g282adc679d (webtiles) character file.

Game seed: 4399095094159763242

95 Descartes the Digger (level 4, -1/30 HPs)
             Began as a Formicid Earth Elementalist on Dec 23, 2023.
             Slain by a gnoll
             ... wielding a +0 club
              (5 damage)
             ... on level 3 of the Dungeon.
             The game lasted 00:05:03 (2308 turns).

Descartes the Digger (Formicid Earth Elementalist)  Turns: 2308, Time: 00:05:04

Health: -1/30      AC:  5    Str: 15    XL:     4   Next: 97%
Magic:  6/9        EV:  6    Int: 14    God:
Gold:   77         SH:  0    Dex: 14    Spells: 9/10 levels left

rFire   . . .        n - +0 spear
rCold   . . .        d - orb {*channel}
rNeg    . . .        o - +0 ring mail
rPois   .            (helmet unavailable)
rElec   .            (no cloak)
rCorr   .            (no gloves)
SInv    +            (no boots)
Will    .....        (no amulet)
Stlth   +            (no ring)
HPRegen 0.25/turn    (no ring)
MPRegen 0.11/turn

%: channel magic (20%)
@: very slightly contaminated, held
A: permanent stasis, dig shafts and tunnels, antennae 3, four strong arms
a: Dig, Shaft Self


You were on level 3 of the Dungeon.
You visited 1 branch of the dungeon, and saw 3 of its levels.

You collected 77 gold pieces.

Inventory:

Hand Weapons
 h - a +0 club
 n - a +0 spear (weapon)
Missiles
 c - 2 poisoned darts
Armour
 a - a +0 robe
 d - an orb of energy (worn)
 o - a +0 ring mail (worn)
 s - a +0 buckler
Wands
 l - a wand of flame (1)
 t - a wand of roots (5)
Scrolls
 f - a scroll of enchant weapon {unknown}
 g - 2 scrolls of blinking {unknown}
 j - a scroll of immolation {unknown}
 k - a scroll of teleportation {unknown}
 m - a scroll of summoning {unknown}
 r - 3 scrolls of identify {unknown}
Potions
 b - a potion of magic
 e - 3 potions of might {unknown}
 i - a potion of attraction {unknown}
 p - a potion of degeneration {unknown}
 q - a potion of brilliance {unknown}


   Skills:
 - Level 1.7 Dodging
 - Level 2.4 Stealth
 + Level 1.2 Shields
 + Level 3.6 Spellcasting
 + Level 5.0 Earth Magic
 - Level 1.3 Alchemy


You had 9 spell levels left.
You knew the following spells:

 Your Spells              Type           Power      Damage    Failure   Level
a - Sandblast             Erth           32%        2d9       14%         1

Your spell library contained the following spells:

 Spells                   Type           Power      Damage    Failure   Level
 Passwall                 Alch/Erth      9%         N/A       34%         2
 Stone Arrow              Conj/Erth      18%        3d8       61%         3
 Petrify                  Alch/Erth      11%        N/A       87%         4
 Brom's Barrelling Bould  Conj/Erth      9%         2d3       92%         4


Dungeon Overview and Level Annotations

Branches:
Dungeon (3/15)

Altars:


Innate Abilities, Weirdness & Mutations

You cannot be hasted, slowed, berserked, paralysed or teleported.
You can dig through walls and to a lower floor.
You have a pair of large antennae on your head. (SInv)
Your four strong arms can wield two-handed weapons with a shield.


Message History

Magical energy flows into your mind! The kobold hits you but does no damage.
Casting: Sandblast (safe; 14% risk of failure)
Confirm with . or Enter, or press ? or * to list all spells.
Aiming: Sandblast (safe; 14% risk of failure)
Press: ? - help, Shift-Dir - straight line, f/p - kobold
Aim: a kobold, wielding a +0 short sword (77% to hit)
The blast of sand hits the kobold but does no damage.
The kobold hits you but does no damage.
The kobold hits you with a +0 short sword.
Casting: Sandblast (safe; 14% risk of failure)
Confirm with . or Enter, or press ? or * to list all spells.
Aiming: Sandblast (safe; 14% risk of failure)
Press: ? - help, Shift-Dir - straight line, f/p - kobold
Aim: a kobold, wielding a +0 short sword (77% to hit)
The blast of sand hits the kobold.
You kill the kobold!
The gnoll hits you with a +0 club!
Casting: Sandblast (safe; 14% risk of failure)
Confirm with . or Enter, or press ? or * to list all spells.
Aiming: Sandblast (safe; 14% risk of failure)
Press: ? - help, Shift-Dir - straight line, f - gnoll
Aim: a gnoll, wielding a +0 club and quivering 2 throwing nets (84% to hit)
You miscast Sandblast.
Nothing appears to happen.
Magical energy flows into your mind!
The gnoll hits you from afar with a +0 spear.
The gnoll hits you with a +0 club.
* * * LOW HITPOINT WARNING * * *
The gnoll attacks as it pursues you! The gnoll barely misses you.
The gnoll attacks as it pursues you! The gnoll hits you with a +0 club.
* * * LOW HITPOINT WARNING * * *
The gnoll attacks as it pursues you! The gnoll barely misses you.
The gnoll throws a throwing net.
The throwing net misses you.
The gnoll throws a throwing net.
The throwing net hits you.
You become entangled in the net!
You see here a throwing net.
You struggle against the net.
You struggle against the net.
Unknown command.
You struggle against the net.
The gnoll hits you with a +0 club.
You die...

##...####.#...###.#
.#..........#. #.#
.#......#.###. #.#
....###.# .. #.#
......#.###### #.#
......#......# #.#
############.# #g#
...........#.####g#
#.#.#......#....@(#
....#.######..#####
..............#
......#######.#
..........###.###
##.#........#...#
##...####.#.###.#
........# #.###.#
#######.#.#.#...#


You could see 2 gnolls.

Vanquished Creatures
  A gnoll (D:3)
  3 adders (D:2)
  4 worms (D:2)
  A bat (D:1)
  2 endoplasms (D:1)
  4 giant cockroaches
  5 hobgoblins
  7 jackals
  5 quokkas
  2 ball pythons
  A frilled lizard (D:2)
  2 goblins (D:1)
  4 kobolds
  3 rats (D:1)
44 creatures vanquished.

Notes
Turn   | Place    | Note
-------+----------+-------------------------------------------
     0 | D:1      | Descartes the Formicid Earth Elementalist began the quest
                  | for the Orb.
     0 | D:1      | Reached XP level 1. HP: 13/13 MP: 3/3
   127 | D:1      | Reached XP level 2. HP: 17/19 MP: 1/5
   150 | D:1      | Reached skill level 4 in Earth Magic
   650 | D:1      | Reached XP level 3. HP: 24/24 MP: 5/7
  1318 | D:2      | Reached XP level 4. HP: 27/30 MP: 5/8
  2084 | D:2      | Reached skill level 5 in Earth Magic
  2208 | D:3      | Reached skill level 1 in Shields
  2308 | D:3      | Slain by a gnoll

Illustrated notes

Levels and vault maps discovered:
D:1:      lightli_arrival_boilingwater, layout_loops_corners
D:2:      layout_basic
D:3:      layout_basic, dreamdust_ecumenical_altar_sealed_demon, uniq_robin

Skill      XL: |  1  2  3  4 |
---------------+-------------+-----
Earth Magic    | 4 5 |  5.0
Spellcasting   | 3 |  3.6
Shields        | 1 |  1.2
Dodging        | |  1.7
Stealth        | |  2.4
Alchemy        | |  1.3

Action                     |  1- 3 |  4- 6 || total
---------------------------+-------+-------++-------
  Melee: Unarmed           |     1 |       ||     1
   Cast: Sandblast         |    53 |    31 ||    84
 Armour: Robe              |    24 |     1 ||    25
         Ring mail         |       |    24 ||    24
  Dodge: Dodged            |    12 |    14 ||    26

Table legend: (Time is in decaauts)
 A = Elapsed time spent in this place.
 B = Non-inter-level travel time spent in this place.
 C = Inter-level travel time spent in this place.
 D = Time resting spent in this place.
 E = Time spent auto-exploring this place.
 F = Levels seen in this place.
 G = Mean time per level.
                   A        B        C        D        E       F      G
               +--------+--------+--------+--------+--------+-----+--------+
         Total |   2350 |   2296 |     54 |      0 |   1939 |   3 |  783.3 |
       Dungeon |   2350 |   2296 |     54 |      0 |   1939 |   3 |  783.3 |
               +--------+--------+--------+--------+--------+-----+--------+

Top non-repeatable levels by time:
     D:2: 1131 daAuts
     D:1: 1042 daAuts
     D:3: 177 daAuts
